SAA
YAKIMA HOPS @ LONG ISLAND SEAWOLVES
07/12/2024
 
TOP OF THE 1ST
Yakima Hops batting - Pitching for Long Island Seawolves : RHP Jim Unknown
Pitching: RHP Jim Unknown
Batting: RHB Mariano Sánchez 0-0: Swinging Strike
0-1: Foul Ball, location: 2F
0-2: Foul Ball, location: 2F
0-2: Ground out 6-3 (Groundball, 56)
Batting: RHB Júlio Molina 0-0: Ground out 1-3 (Groundball, 13S)
Batting: RHB José Vargas 0-0: Ball
1-0: Swinging Strike
1-1: Called Strike
1-2: Foul Ball, location: 2F
1-2: Strikes out swinging
Top of the 1st over - 0 run(s), 0 hit(s), 0 error(s), 0 left on base; Yakima 0 - Long Island 0
BOTTOM OF THE 1ST
Long Island Seawolves batting - Pitching for Yakima Hops : RHP Rich Wright
Pitching: RHP Rich Wright
Batting: LHB Jim Unknown 0-0: Foul Ball, location: 2F
0-1: Ball
1-1: TRIPLE (Flyball, 89M)
Batting: SHB Jim Unknown 0-0: Ball
1-0: Ball
2-0: Ball
3-0: Called Strike
3-1: Base on Balls
Batting: RHB John Burton 0-0: Called Strike
0-1: SINGLE (Flyball, 9LS)
Jim Unknown scores
Jim Unknown to second
Batting: RHB Harvey Spectre 0-0: Swinging Strike
0-1: Ball
1-1: Fielders Choice at 2nd, 4-6 (Groundball, 4)
Jim Unknown to third
Batting: RHB Francisco García 0-0: Called Strike
Harvey Spectre steals 2nd base
0-1: Ball
1-1: Ball
2-1: Fly out, F8 (Flyball, 8LM)
Throwing error, E8
Jim Unknown scores
Harvey Spectre to third
Batting: RHB Manuel Martínez 0-0: Called Strike
0-1: Foul Ball, location: 2F
0-2: Foul Ball, location: 2F
0-2: Ball
1-2: Fly out, F5 (Popup, 5SF)
Bottom of the 1st over - 2 run(s), 2 hit(s), 1 error(s), 1 left on base; Yakima 0 - Long Island 2
TOP OF THE 2ND
Yakima Hops batting - Pitching for Long Island Seawolves : RHP Jim Unknown
Batting: SHB Albert Sánchez 0-0: Swinging Strike
0-1: Foul Ball, location: 2F
0-2: Ball
1-2: Foul Ball, location: 2F
1-2: Ball
2-2: Ball
3-2: Foul Ball, location: 2F
3-2: Strikes out swinging
Batting: RHB Abraham Jacobs 0-0: Swinging Strike
0-1: Swinging Strike
0-2: Ball
1-2: Ball
2-2: Ball
3-2: DOUBLE (Line Drive, 7LM)
Batting: RHB Ricardo Téllez 0-0: Ground out 5-3 (Groundball, 56)
Batting: LHB Bryce Reilly 0-0: Swinging Strike
0-1: Fly out, F7 (Flyball, 7M)
Top of the 2nd over - 0 run(s), 1 hit(s), 0 error(s), 1 left on base; Yakima 0 - Long Island 2
BOTTOM OF THE 2ND
Long Island Seawolves batting - Pitching for Yakima Hops : RHP Rich Wright
Batting: RHB Fernando Mendoza 0-0: Ball
1-0: Ball
2-0: Called Strike
2-1: Ball
3-1: Base on Balls
Batting: RHB Jim Unknown 0-0: Ball
1-0: Swinging Strike
1-1: Foul Ball, location: 2F
1-2: Foul Ball, location: 2F
1-2: Foul Ball, location: 2F
1-2: Ball
2-2: Ball
3-2: Foul Ball, location: 2F
3-2: Foul Ball, location: 2F
3-2: Foul Ball, location: 2F
3-2: Foul Ball, location: 2F
3-2: Foul Ball, location: 2F
3-2: Fielders Choice at 2nd, 5-4 (Groundball, 5)
Batting: RHB José Cervantes 0-0: Ball
1-0: Called Strike
1-1: Ball
2-1: Called Strike
2-2: Fielders Choice at 2nd, 5-4 (Groundball, 5L)
Batting: LHB Jim Unknown 0-0: Ball
1-0: Called Strike
1-1: Ground out 4-3 (Groundball, 4)
Bottom of the 2nd over - 0 run(s), 0 hit(s), 0 error(s), 1 left on base; Yakima 0 - Long Island 2
TOP OF THE 3RD
Yakima Hops batting - Pitching for Long Island Seawolves : RHP Jim Unknown
Batting: RHB Edgar García 0-0: Ball
1-0: Foul Ball, location: 2F
1-1: Ball
2-1: Ball
3-1: SINGLE (Line Drive, 4D)
Batting: RHB Vicente Rodríguez 0-0: Called Strike
Edgar García steals 2nd base
0-1: Fly out, F3 (Popup, 3F)
Batting: RHB Mariano Sánchez 0-0: Foul Ball, location: 2F
0-1: Ball
1-1: Ball
2-1: Swinging Strike
2-2: Ball
3-2: Ground out 5-3 (Groundball, 5)
Batting: RHB Júlio Molina 0-0: Ball
1-0: Ball
2-0: Foul Ball, location: 2F
2-1: SINGLE (Line Drive, 8RS)
Edgar García to third
Runner from 3rd tries for Home, SAFE, no throw or cutoff
Batting: RHB José Vargas 0-0: Called Strike
Júlio Molina steals 2nd base
0-1: Ball
1-1: Foul Ball, location: 2F
Balk!
Júlio Molina to third
1-2: Foul Ball, location: 2F
1-2: Ground out 5-3 (Groundball, 5)
Top of the 3rd over - 1 run(s), 2 hit(s), 0 error(s), 1 left on base; Yakima 1 - Long Island 2
BOTTOM OF THE 3RD
Long Island Seawolves batting - Pitching for Yakima Hops : RHP Rich Wright
Batting: SHB Jim Unknown 0-0: Ball
1-0: Ground out 4-3 (Groundball, 4)
Batting: RHB John Burton 0-0: Ball
1-0: Called Strike
1-1: Ball
2-1: Ground out 5-3 (Groundball, 5L)
Batting: RHB Harvey Spectre 0-0: Swinging Strike
0-1: Called Strike
0-2: Strikes out looking
Bottom of the 3rd over - 0 run(s), 0 hit(s), 0 error(s), 0 left on base; Yakima 1 - Long Island 2
TOP OF THE 4TH
Yakima Hops batting - Pitching for Long Island Seawolves : RHP Jim Unknown
Batting: SHB Albert Sánchez 0-0: Called Strike
0-1: Foul Ball, location: 2F
0-2: Strikes out looking
Batting: RHB Abraham Jacobs 0-0: Called Strike
0-1: Ball
1-1: Ball
2-1: SINGLE (Flyball, 6MD)
Batting: RHB Ricardo Téllez 0-0: Ball
1-0: SINGLE (Groundball, 56D) (infield hit)
Abraham Jacobs to second
Batting: LHB Bryce Reilly 0-0: Ball
1-0: Called Strike
1-1: Fly out, F8 (Flyball, 8LM)
Batting: RHB Edgar García 0-0: Foul Ball, location: 2F
0-1: Ball
1-1: Foul Ball, location: 2F
1-2: Foul Ball, location: 2F
1-2: Ball
2-2: Ball
3-2: Strikes out swinging
Top of the 4th over - 0 run(s), 2 hit(s), 0 error(s), 2 left on base; Yakima 1 - Long Island 2
BOTTOM OF THE 4TH
Long Island Seawolves batting - Pitching for Yakima Hops : RHP Rich Wright
Batting: RHB Francisco García 0-0: Ball
1-0: Foul Ball, location: 2F
1-1: Ball
2-1: Ball
3-1: Base on Balls
Batting: RHB Manuel Martínez 0-0: Called Strike
Francisco García steals 2nd base
0-1: Ball
1-1: Ball
2-1: Ground out 6-3 (Groundball, 6)
Francisco García to third
Batting: RHB Fernando Mendoza 0-0: Ball
1-0: Called Strike
1-1: Swinging Strike
1-2: Ball
2-2: Ball
3-2: Base on Balls
Batting: RHB Jim Unknown 0-0: Called Strike
0-1: Foul Ball, location: 2F
0-2: Ball
1-2: Ball
2-2: Ball
3-2: Foul Ball, location: 2F
3-2: Base on Balls
Fernando Mendoza to second
Batting: RHB José Cervantes 0-0: Ball
1-0: Ball
2-0: Grounds into double play, 6-4-3 (Groundball, 6)
Bottom of the 4th over - 0 run(s), 0 hit(s), 0 error(s), 2 left on base; Yakima 1 - Long Island 2
TOP OF THE 5TH
Yakima Hops batting - Pitching for Long Island Seawolves : RHP Jim Unknown
Batting: RHB Vicente Rodríguez 0-0: Foul Ball, location: 2F
0-1: Ground out 6-3 (Groundball, 6)
Batting: RHB Mariano Sánchez 0-0: Called Strike
0-1: Called Strike
0-2: Ball
1-2: Foul Ball, location: 2F
1-2: Foul Ball, location: 2F
1-2: Foul Ball, location: 2F
1-2: Ball
2-2: Strikes out swinging
Batting: RHB Júlio Molina 0-0: Called Strike
0-1: Ball
1-1: Ball
2-1: Foul Ball, location: 2F
2-2: Ground out 6-3 (Groundball, 6)
Top of the 5th over - 0 run(s), 0 hit(s), 0 error(s), 0 left on base; Yakima 1 - Long Island 2
BOTTOM OF THE 5TH
Long Island Seawolves batting - Pitching for Yakima Hops : RHP Rich Wright
Batting: LHB Jim Unknown 0-0: Ball
1-0: Foul Ball, location: 2F
1-1: Ball
2-1: Ground out 2-3 (Groundball, 2R)
Batting: SHB Jim Unknown 0-0: Ball
1-0: Foul Ball, location: 2F
1-1: Called Strike
1-2: Ball
2-2: Ground out 4-3 (Groundball, 34)
Batting: RHB John Burton 0-0: Foul Ball, location: 2F
0-1: Fly out, F8 (Flyball, 8RS)
Bottom of the 5th over - 0 run(s), 0 hit(s), 0 error(s), 0 left on base; Yakima 1 - Long Island 2
TOP OF THE 6TH
Yakima Hops batting - Pitching for Long Island Seawolves : RHP Jim Unknown
Batting: RHB José Vargas 0-0: Called Strike
0-1: Foul Ball, location: 2F
0-2: Ball
1-2: Strikes out swinging
Batting: SHB Albert Sánchez 0-0: Ground out 4-3 (Groundball, 4)
Batting: RHB Abraham Jacobs 0-0: Ball
1-0: Ball
2-0: Foul Ball, location: 2F
2-1: Swinging Strike
2-2: Ball
3-2: Foul Ball, location: 2F
3-2: Fly out, F9 (Line Drive, 9M)
Top of the 6th over - 0 run(s), 0 hit(s), 0 error(s), 0 left on base; Yakima 1 - Long Island 2
BOTTOM OF THE 6TH
Long Island Seawolves batting - Pitching for Yakima Hops : RHP Rich Wright
Batting: RHB Harvey Spectre 0-0: Called Strike
0-1: Called Strike
0-2: Ball
1-2: Ball
2-2: SINGLE (Line Drive, 6MD)
Batting: RHB Francisco García 0-0: Ball
1-0: Ball
2-0: Ball
3-0: Base on Balls
Harvey Spectre to second
Pitching: RHP Sean Sanford
Batting: RHB Manuel Martínez 0-0: Bunted foul
0-1: Ball
1-1: Sac Bunt - play at first, batter OUT! 1-4
Harvey Spectre to third
Francisco García to second
Batting: RHB Fernando Mendoza 0-0: Ball
1-0: Called Strike
1-1: Foul Ball, location: 2F
1-2: Ball
2-2: Ball
3-2: Base on Balls
Batting: RHB Jim Unknown 0-0: Ball
1-0: Foul Ball, location: 2F
1-1: Ball
2-1: Ball
3-1: Foul Ball, location: 2F
3-2: Fly out, F9 (Flyball, 89D)
Runner from 3rd tags up, SCORES, no throw
Batting: RHB José Cervantes 0-0: Ball
1-0: SINGLE (Groundball, 56D) (infield hit)
Francisco García to third
Fernando Mendoza to second
Batting: LHB Jim Unknown 0-0: Ball
1-0: Ball
2-0: Fly out, F9 (Flyball, 9D)
Bottom of the 6th over - 1 run(s), 2 hit(s), 0 error(s), 3 left on base; Yakima 1 - Long Island 3
TOP OF THE 7TH
Yakima Hops batting - Pitching for Long Island Seawolves : RHP Jim Unknown
Batting: RHB Ricardo Téllez 0-0: Ball
1-0: Called Strike
1-1: Called Strike
1-2: Ball
2-2: Foul Ball, location: 2F
2-2: Ground out 6-3 (Groundball, 6)
Batting: LHB Bryce Reilly 0-0: Called Strike
0-1: SINGLE (Flyball, 7S)
Batting: RHB Edgar García 0-0: Foul Ball, location: 2F
0-1: SINGLE (Line Drive, 6M)
Bryce Reilly to second
Pinch Hitting: LHB Miguel Juárez 0-0: Ball
1-0: Ball
2-0: Called Strike
2-1: SINGLE (Groundball, 34D)
Bryce Reilly to third
Edgar García to second
Runner from 3rd tries for Home, SAFE, no throw or cutoff
Pitching: RHP Jim Unknown
Batting: RHB Mariano Sánchez 0-0: Ball
1-0: SINGLE (Flyball, 8LS)
Edgar García to third
Miguel Juárez to second
Batting: RHB Júlio Molina 0-0: Ball
1-0: SINGLE (Groundball, 5D)
Edgar García scores
Miguel Juárez to third
Mariano Sánchez to second
Runner from 3rd tries for Home, SAFE, no throw or cutoff
Batting: RHB José Vargas 0-0: Swinging Strike
0-1: Swinging Strike
0-2: Strikes out swinging
Batting: SHB Albert Sánchez 0-0: Swinging Strike
0-1: Foul Ball, location: 2F
0-2: Ball
1-2: Strikes out looking
Top of the 7th over - 3 run(s), 5 hit(s), 0 error(s), 2 left on base; Yakima 4 - Long Island 3
BOTTOM OF THE 7TH
Long Island Seawolves batting - Pitching for Yakima Hops : RHP Sean Sanford
Now at 3B: Chad Graves
Batting: SHB Jim Unknown 0-0: Foul Ball, location: 2F
0-1: Foul Ball, location: 2F
0-2: Strikes out swinging
Batting: RHB John Burton 0-0: Called Strike
0-1: Ball
1-1: Foul Ball, location: 2F
1-2: Ball
2-2: Ball
3-2: Reached on error, E5 (Groundball, 56S)
Batting: RHB Harvey Spectre 0-0: Ball
1-0: Swinging Strike
1-1: Ball
John Burton is caught stealing 2nd base
2-1: Ball
3-1: Ground out 4-3 (Groundball, 4)
Bottom of the 7th over - 0 run(s), 0 hit(s), 1 error(s), 0 left on base; Yakima 4 - Long Island 3
TOP OF THE 8TH
Yakima Hops batting - Pitching for Long Island Seawolves : RHP Jim Unknown
Batting: RHB Abraham Jacobs 0-0: Swinging Strike
0-1: Foul Ball, location: 2F
0-2: Foul Ball, location: 2F
0-2: Strikes out swinging
Batting: RHB Ricardo Téllez 0-0: Ball
1-0: Foul Ball, location: 2F
1-1: SINGLE (Line Drive, 56)
Batting: LHB Bryce Reilly 0-0: Ball
Ricardo Téllez steals 2nd base
1-0: Ground out 4-3 (Groundball, 4)
Ricardo Téllez to third
Batting: RHB Edgar García 0-0: Ball
1-0: Foul Ball, location: 2F
1-1: SINGLE (Groundball, 6D)
Ricardo Téllez scores
Batting: LHB Chad Graves 0-0: Called Strike
0-1: Ball
1-1: Swinging Strike
1-2: Ball
2-2: SINGLE (Groundball, 6MD)
Edgar García to second
Edgar García to third
Batting: RHB Mariano Sánchez 0-0: Foul Ball, location: 2F
0-1: Foul Ball, location: 2F
0-2: Strikes out swinging
Top of the 8th over - 1 run(s), 3 hit(s), 0 error(s), 2 left on base; Yakima 5 - Long Island 3
BOTTOM OF THE 8TH
Long Island Seawolves batting - Pitching for Yakima Hops : RHP Sean Sanford
Batting: RHB Francisco García 0-0: Ground out U3 (Groundball, 3S)
Pitching: LHP Jim Unknown
Batting: RHB Manuel Martínez 0-0: Called Strike
0-1: Ground out 1-3 (Groundball, 23)
Batting: RHB Fernando Mendoza 0-0: Ball
1-0: Ball
2-0: Foul Ball, location: 2F
2-1: Called Strike
2-2: Ball
3-2: Ground out 1-3 (Groundball, 23)
Bottom of the 8th over - 0 run(s), 0 hit(s), 0 error(s), 0 left on base; Yakima 5 - Long Island 3
TOP OF THE 9TH
Yakima Hops batting - Pitching for Long Island Seawolves : RHP Jim Unknown
Pitching: RHP Jim Unknown
Batting: RHB Júlio Molina 0-0: Ball
1-0: Foul Ball, location: 2F
1-1: Ball
2-1: SINGLE (Line Drive, 8LS)
Pitching: RHP Luther Curry
Batting: RHB José Vargas 0-0: Ball
1-0: Foul Ball, location: 2F
1-1: Called Strike
1-2: DOUBLE (Flyball, 8LXD)
Júlio Molina to third
Batting: SHB Albert Sánchez 0-0: Intentional Walk
Batting: RHB Abraham Jacobs 0-0: Foul Ball, location: 2F
0-1: Fly out, F7 (Flyball, 78S)
Batting: RHB Ricardo Téllez 0-0: Swinging Strike
0-1: Ball
1-1: Ball
2-1: Ball
3-1: Fielders Choice at 2nd, 6-4 (Groundball, 6)
Júlio Molina scores
José Vargas to third
Batting: LHB Bryce Reilly 0-0: Ball
1-0: Ball
2-0: Called Strike
2-1: Ball
3-1: Called Strike
3-2: Foul Ball, location: 2F
3-2: Base on Balls
Ricardo Téllez to second
Batting: RHB Edgar García 0-0: Swinging Strike
0-1: Fly out, F5 (Line Drive, 5L)
Top of the 9th over - 1 run(s), 2 hit(s), 0 error(s), 3 left on base; Yakima 6 - Long Island 3
BOTTOM OF THE 9TH
Long Island Seawolves batting - Pitching for Yakima Hops : LHP Jim Unknown
Batting: RHB Jim Unknown 0-0: Swinging Strike
0-1: Ball
1-1: Ball
2-1: Ball
3-1: Base on Balls
Batting: RHB José Cervantes 0-0: Called Strike
0-1: Ball
1-1: Ball
2-1: Fly out, F5 (Line Drive, 56)
Batting: LHB Jim Unknown 0-0: Ball
1-0: Called Strike
1-1: Ball
2-1: Ball
3-1: Base on Balls
Jim Unknown to second
Batting: SHB Jim Unknown 0-0: Fly out, F9 (Flyball, 9LM)
Batting: RHB John Burton 0-0: Swinging Strike
0-1: Ball
1-1: Ball
2-1: Swinging Strike
2-2: Strikes out swinging
Bottom of the 9th over - 0 run(s), 0 hit(s), 0 error(s), 2 left on base; Yakima 6 - Long Island 3
This league is powered by Out of the Park Baseball, the baseball management simulation game for PC, Mac and Linux
Monday, October 3rd, 2016 - OOTP Baseball 16.9 Build 39